 Dungeon Crawl Stone Soup version 0.30.1-3-gfc49f6343a (webtiles) character file.

Game seed: 7554630343457340598

158 sampeng1 the Stinger (level 5, 0/35 HPs)
             Began as a Human Venom Mage on July 29, 2023.
             Was a Believer of Makhleb.
             Slain by an orc wizard
             ... wielding a +0 dagger
              (1 damage)
             ... on level 4 of the Dungeon.
             The game lasted 00:15:28 (2809 turns).

sampeng1 the Stinger (Human Venom Mage)             Turns: 2809, Time: 00:15:29

Health: 0/35       AC:  3    Str: 10    XL:     5   Next: 67%
Magic:  4/8        EV: 12    Int: 15    God:    Makhleb [**....]
Gold:   131        SH:  0    Dex: 14    Spells: 5/9 levels left

rFire   . .          .
                       - Unarmed
rCold   . . .        (no shield)
rNeg    . . .        a - +0 robe
rPois   .            (helmet currently unavailable)
rElec   .            (no cloak)
rCorr   .            f - +0 pair of gloves
SInv    .            (boots currently unavailable)
Will    .....        o - amulet of regeneration
Stlth   +            k - +4 ring of slaying
HPRegen 1.05/turn    (no ring)
MPRegen 0.11/turn

%: no passive effects
@: confused, appendages
A: horns 2, talons 2
a: End Transformation, Renounce Religion, Minor Destruction


You were on level 4 of the Dungeon.
You worshipped Makhleb.
Makhleb was pleased with you.
You had temporarily grown beastly horns and talons.
You visited 1 branch of the dungeon, and saw 4 of its levels.

You collected 131 gold pieces.

Inventory:

Missiles
 d - 38 stones
Armour
 a - a +0 robe (worn)
 f - a +0 pair of gloves (worn)
Jewellery
 k - a +4 ring of slaying (left hand)
 o - an amulet of regeneration (around neck)
Scrolls
 c - 2 scrolls of fear
 h - a scroll of immolation {unknown}
 j - a scroll of silence {unknown}
 m - a scroll of identify
 p - a scroll of amnesia {unknown}
Potions
 b - a potion of magic
 e - a potion of ambrosia {unknown}
 g - 2 potions of heal wounds
 i - a potion of berserk rage
 l - 2 potions of brilliance
 n - a potion of haste {unknown}


   Skills:
 + Level 2.8 Dodging
 + Level 3.0 Stealth
 + Level 1.7 Unarmed Combat
 + Level 2.6 Spellcasting
 + Level 2.2 Transmutations
 + Level 3.5 Poison Magic


You had 5 spell levels left.
You knew the following spells:

 Your Spells              Type           Power      Damage    Failure   Level
a - Sting                 Tmut/Pois      40%        1d5       6%          1
b - Poisonous Vapours     Pois/Air       14%        N/A       16%         2
c - Beastly Appendage     Tmut           16%        N/A       9%          1

Your spell library contained the following spells:

 Spells                   Type           Power      Damage    Failure   Level
 Wereblood                Tmut           8%         N/A       13%         2
 Spider Form              Tmut/Pois      10%        N/A       19%         3
 Passwall                 Tmut/Erth      4%         N/A       21%         2
 Magic Dart               Conj           4%         1d3       22%         1
 Call Imp                 Summ           2%         N/A       32%         2
 Ensorcelled Hibernation  Hex/Ice        2%         N/A       32%         2
 Mephitic Cloud           Conj/Pois/Air  5%         N/A       36%         3
 Olgreb's Toxic Radiance  Pois           12%        N/A       43%         4
 Swiftness                Air            1%         N/A       54%         3
 Volatile Blastmotes      Fire/Tloc      2%         2d10      54%         3
 Alistair's Intoxication  Tmut/Pois      6%         N/A       87%         5
 Fulminant Prism          Conj/Hex       0%         3d5       91%         4
 Iskenderun's Mystic Bla  Conj/Tloc      1%         2d3       91%         4
 Borgnjor's Vile Clutch   Necr/Erth      0%         N/A       99%         5
 Lee's Rapid Deconstruct  Erth           0%         3d4*      99%         5
 Eringya's Noxious Bog    Tmut/Pois      5%         N/A       100%        6


Dungeon Overview and Level Annotations

Branches:
Dungeon (4/15)             Temple (0/1) D:4

Altars:
Makhleb
Vehumet

Shops:
D:2 !


Innate Abilities, Weirdness & Mutations

You have temporarily grown beastly horns and talons.


Message History

The orc wizard closely misses you.
You barely miss the orc wizard. The orc wizard completely misses you.
You hit the orc wizard.
The orc wizard is lightly wounded.
The orc wizard closely misses you.
You punch the orc wizard!
The orc wizard is severely wounded.
The orc closely misses you.
The orc wizard hits you but does no damage.
You hit the orc wizard.
The orc wizard is almost dead.
The orc priest misses you. The orc barely misses you.
The orc wizard gestures at you while chanting.
The puff of flame hits you!
Casting: Beastly Appendage (safe; 9% risk of failure)
Confirm with . or Enter, or press ? or * to list all spells.
You grow a pair of large bovine horns.
Your feet morph into talons.
The orc completely misses you.
The orc priest looks braver for a moment.
The orc wizard gestures at you while chanting.
You are confused.
You closely miss the orc priest. Your kick misses the orc priest.
You headbutt the orc priest. Your punch misses the orc priest.
The orc priest is moderately wounded.
The orc priest barely misses you. The orc barely misses you.
The orc wizard hits you with a +0 dagger.
You hit the orc. You claw the orc.
You kill the orc!
Makhleb accepts your kill.
You feel better.
The orc priest hits you with a +0 war axe!
The orc wizard hits you with a +0 dagger.
You hit the orc priest. Your kick misses the orc priest.
You headbutt the orc priest.
The orc priest is almost dead.
The orc priest invokes the aid of Beogh against you.
Beogh smites you!
* * * LOW HITPOINT WARNING * * *
The orc wizard hits you with a +0 dagger.
You die...

...... ..# ....####..#
###........## ####
##.8.#.......## .....
#............. ##...
##8.>.8).....## ....
#.....).......# ..# ..
#.#.8.#.....####..#....
#.....#..@..##.<.......
##......o)o..........$.
#.....$...............
#......................
........................
.........##.............
##....................#
#.........#.##........#
..........##.....##.#.


You could see an orc priest and an orc wizard.

Vanquished Creatures
  A crimson imp (D:3)
  Terence (D:2)
  An orc wizard (D:4)
  2 adders
  6 orcs
  3 endoplasms
  4 giant cockroaches
  3 goblins
  4 hobgoblins
  2 jackals (D:3)
  A quokka (D:1)
  3 ball pythons
  2 bats (D:2)
  4 frilled lizards
  6 kobolds
  6 rats
49 creatures vanquished.

Notes
Turn   | Place    | Note
-------+----------+-------------------------------------------
     0 | D:1      | sampeng1 the Human Venom Mage began the quest for the Orb.
     0 | D:1      | Reached XP level 1. HP: 13/13 MP: 3/3
    30 | D:1      | Found a faded altar of an unknown god.
    34 | D:1      | Prayed at the altar of an unknown god.
    34 | D:1      | Became a worshipper of Makhleb the Destroyer
    34 | D:1      | Reached * piety under Makhleb
   383 | D:1      | Reached XP level 2. HP: 18/19 MP: 3/5
   526 | D:1      | Learned a level 2 spell: Poisonous Vapours
  1038 | D:1      | Learned a level 1 spell: Beastly Appendage
  1156 | D:2      | Found Giclevvo's Distillery.
  1185 | D:2      | Reached XP level 3. HP: 21/24 MP: 3/6
  1653 | D:2      | Reached ** piety under Makhleb
  1684 | D:2      | Reached skill level 1 in Unarmed Combat
  1706 | D:2      | Noticed Terence
  1714 | D:2      | Killed Terence
  1715 | D:2      | Reached XP level 4. HP: 13/30 MP: 4/7
  2652 | D:3      | Found a radiant altar of Vehumet.
  2653 | D:3      | Found a burning altar of Makhleb.
  2672 | D:3      | Reached XP level 5. HP: 35/35 MP: 8/8
  2767 | D:4      | Found a staircase to the Ecumenical Temple.
  2809 | D:4      | HP: 1/35 [orc priest/divine providence (14)]
  2809 | D:4      | Slain by an orc wizard

Illustrated notes

Levels and vault maps discovered:
D:1:      evilmike_arrival_crescent, layout_loops_ring,
          shapermc_ecumenical_altar_mp_vishouse, chequers_serial_rivers_small_b,
          grunt_decor_junction
D:2:      layout_basic, serial_shops, nicolae_shop_crystal, uniq_terence
D:3:      layout_loops_corners, grunt_temple_overflow_lords_of_destruction
D:4:      layout_cave_pools, nzn_overflow_gifts_of_might_and_magic,
          mainiacjoe_overflow_chevrons, zin_angel,
          minmay_temple_entry_statues_pillars, ebering_ghost_sewer_d,
          serial_shops, shop, moated_statue, minmay_increasing_density,
          uniq_edmund

Skill      XL: |  1  2  3  4  5 |
---------------+----------------+-----
Unarmed Combat | 1 |  1.7
Transmutations | 2 |  2.2
Stealth        | 3 |  3.0
Dodging        | |  2.8
Spellcasting   | |  2.6
Poison Magic   | |  3.5

Action                     |  1- 3 |  4- 6 || total
---------------------------+-------+-------++-------
  Melee: Unarmed           |    50 |    51 ||   101
         Kick              |     5 |    11 ||    16
         Headbutt          |     2 |     9 ||    11
         Punch             |       |     1 ||     1
   Cast: Sting             |    30 |     4 ||    34
         Beastly Appendage |     6 |     7 ||    13
         Poisonous Vapours |     1 |       ||     1
    Use: Scroll            |     2 |     4 ||     6
         Potion            |     1 |     1 ||     2
   Stab: Sleeping          |     1 |     4 ||     5
         Distracted        |       |     1 ||     1
 Armour: Robe              |    14 |     9 ||    23
  Dodge: Dodged            |    25 |    28 ||    53
